Cogmind - Beta 16.1 @@@ ROGUE MODE // 2026.04.23 @ 13:32:56 Player: Bereft Result: Destroyed by P-60 Hacker with Shock Rifle Performance ------------- Evolutions (3) 1500 Regions Visited (10) 2000 Robots Destroyed (94) 470 Value Destroyed (3055) 3055 Prototype IDs (27) 540 Alien Tech Used (0) 0 Bonus (1100) 1100 TOTAL SCORE: 8665 Bonus ------- High Alert Combat Kills 244 Follower Combat Kills 56 Entered Garrisons 200 Aligned with FarCom 300 Acquired ECA 300 Cogmind --------- Core Integrity 0/700 Matter 285/300 Energy 295/300 System Corruption 21% Temperature Cool (0) Movement Core (50) Location -7/Lower Caves Parts ------- > --- POWER (2) -------- (None) > --- PROPULSION (3) --- (None) > --- UTILITY (5) ------ Compact Battery > --- WEAPON (3) ------- Spear > --- INVENTORY (5) ---- Coolant Injector Machine Analyzer Encrypted Comm Array Relay Coupler [Brawler] (22) Relay Coupler [Sentry] (18) Peak State ------------ > --- POWER ------------ Nuclear Core Neutrino Core > --- PROPULSION ------- Armored Wheel > --- UTILITY ---------- Reflective Plating Improved Hardlight Generator Improved Hardlight Generator Force Field Force Field > --- WEAPON ----------- KE Penetrator Spear > --- INVENTORY -------- Coolant Injector Machine Analyzer Encrypted Comm Array Relay Coupler [Brawler] Relay Coupler [Sentry] [Rating: 45] Favorites ----------- Power Light Nuclear Core Engine Light Ion Engine Power Core Light Nuclear Core Propulsion Flight Unit Treads Light Treads Leg Aluminum Leg Wheel Armored Wheel Hover Unit Airjet Flight Unit Flight Unit Utility Structural Scanner Device Structural Scanner Storage Medium Storage Unit Processor Advanced Targeting Computer Hackware System Shield Protection Medium Armor Plating Weapon Light Assault Rifle Energy Gun EM Pulse Gun Ballistic Gun Light Assault Rifle Ballistic Cannon Light Cannon Launcher Missile Launcher Special Weapon Mining Laser Slashing Weapon Longsword +1 Piercing Weapon Spear Special Melee Weapon Datajack Build | -11 -10 -10 -10 -9 -8 -8 -8 -7 -7 -7 ------- Run | Yrd Mat Min Exi Min Mat Gar Mat Fac Low Low Slots Evolved 6 | . . . . . 4 . . 2 . . Power 1 | . . . . . 1 . . . . . Propulsion 1 | . . . . . 1 . . . . . Utility 3 | . . . . . 1 . . 2 . . Weapon 1 | . . . . . 1 . . . . . Parts Attached 129 | 6 14 4 3 1 43 21 7 10 20 . Power 20 | 1 1 1 . . 7 5 1 . 4 . Engine 9 | 1 1 . . . 3 4 . . . . Core 11 | . . 1 . . 4 1 1 . 4 . Reactor . | . . . . . . . . . . . Propulsion 49 | 2 7 . 2 1 21 6 3 3 4 . Treads 10 | . 2 . . . 3 3 . . 2 . Leg 15 | 2 . . . . 10 3 . . . . Wheel 6 | . 5 . . . . . . . 1 . Hover 10 | . . . . . 4 . 3 3 . . Flight 8 | . . . 2 1 4 . . . 1 . Utility 26 | 1 3 . . . 8 1 . 5 8 . Device 8 | . 2 . . . 1 . . 1 4 . Storage 6 | 1 1 . . . 2 . . . 2 . Processor 3 | . . . . . 1 . . 2 . . Hackware 4 | . . . . . 2 1 . 1 . . Protection 5 | . . . . . 2 . . 1 2 . Artifact . | . . . . . . . . . . . Weapon 34 | 2 3 3 1 . 7 9 3 2 4 . Energy Gun 8 | 1 . 2 . . 2 1 . 2 . . Energy Cannon . | . . . . . . . . . . . Ballistic Gun 16 | 1 1 . . . 2 7 3 . 2 . Ballistic Cannon 1 | . 1 . . . . . . . . . Launcher 2 | . . . . . 1 . . . 1 . Special Weapon 1 | . . 1 . . . . . . . . Impact Weapon . | . . . . . . . . . . . Slashing Weapon 3 | . . . 1 . 1 1 . . . . Piercing Weapon 1 | . . . . . . . . . 1 . Special Melee Weapon 2 | . 1 . . . 1 . . . . . Unidentified Prototypes 3 | . . . 1 . 1 . . 1 . . Corrupted Parts 6 | . . . . . 2 . . . 4 . System Corruption 22 | . . . . . 4 . . . 18 . Parts Lost 48 | . 1 . . . 18 8 1 . 12 8 Power 10 | . . . . . 5 2 . . 1 2 Propulsion 19 | . . . . . 7 5 1 . 5 1 Utility 9 | . . . . . 2 . . . 3 4 Weapon 10 | . 1 . . . 4 1 . . 3 1 Highest Loss Streak 8 | . 1 . . . 5 4 1 . 8 8 To Critical Strikes 1 | . . . . . 1 . . . . . Average Backups 4 | 5 3 3 4 3 4 5 8 5 4 5 Power . | . . . . . . . 1 . . . Propulsion . | 3 . 1 1 1 . . . . . . Utility 2 | . . . 1 2 3 3 5 3 4 4 Weapon . | . . 1 1 . 1 1 . . . . Tool/Special . | . . . . . . . . . . . Unused Backups 20 | . 2 . . 1 8 . 3 1 . 5 Power . | . . . . . . . . . . . Propulsion 1 | . . . . . 1 . . . . . Utility 12 | . 1 . . 1 2 . 3 1 . 4 Weapon 6 | . 1 . . . 5 . . . . . Tool/Special 1 | . . . . . . . . . . 1 Average Slot Usage (%) 80 | . 83 99 83 91 86 80 88 64 57 70 Engine 2 | . 14 12 . . 1 10 8 . . . Core 9 | . . 1 14 14 12 . 8 2 12 12 Treads 1 | . . . . . . 10 1 . 3 . Leg 3 | . 4 . . . 7 10 . . . . Wheel 1 | . 11 28 . . . . . . 2 6 Hover 3 | . . . . . 4 . 18 9 2 . Flight 11 | . . . 27 28 12 . . . . . Device 14 | . 21 28 28 28 15 . . 4 5 13 Storage 2 | . 4 . . . 2 9 8 . 2 14 Processor 2 | . . . . . . 9 8 10 1 . Hackware 2 | . . . . . 2 8 8 5 . . Protection 2 | . . . . . 3 . . 6 6 6 Energy Gun 1 | . 2 11 . . 1 . 8 . 1 . Ballistic Gun 7 | . 12 8 . . 3 16 17 23 9 6 Special Weapon 3 | . . 7 . 13 3 . . . . . Slashing Weapon 5 | . . . 11 6 8 4 . . . . Peak Build Rating 45 | 6 9 13 15 16 38 27 27 38 45 41 Average Rating 18 | 5 6 10 13 12 25 20 22 22 26 37 On Entrance 15 | . 6 8 13 15 9 13 18 7 38 41 Avg Prop Armor Cover (%) 8 | . . . . . 6 . . 7 12 . Naked Turns 42 | . . . . . . . 17 . 25 . Heaviest Build 225 | 11 91 13 13 11 225 27 27 24 62 49 Greatest Support 60 | 20 26 24 24 8 60 60 24 25 25 12 Greatest Overweight (x) 18 | . 4 . 1 1 18 4 8 5 8 4 Average Overweight (x) . | . . . . . 1 . 1 2 1 3 Largest Inventory Capacity 35 | 8 25 5 5 5 35 10 10 5 5 5 Average Capacity 8 | 7 8 5 5 5 12 10 9 5 5 5 Most Carried 14 | 6 11 5 5 5 14 10 10 5 5 5 Average Carried 5 | 5 2 3 4 4 5 5 8 4 4 5 Final Capacity 10 | 8 5 5 5 5 10 10 5 5 5 5 Final Carried 6 | 6 2 5 5 5 4 6 5 4 5 5 Class Distribution -------------------- 47% | Mutant 12% | Scavenger-Scout 10% | Scavenger-Mutant 8% | Scavenger-Skirmisher 6% | Hauler-Mutant 4% | Scavenger-Assassin 4% | Gunner Dominant Class ---------------- Mutant | -10/Materials Mutant | -10/Mines Mutant | -10/Exiles Mutant | -9/Mines Scavenger-Scout | -8/Materials Scavenger-Skirmisher | -8/Garrison Scavenger-Skirmisher | -8/Materials Gunner | -7/Factory Scavenger-Mutant | -7/Lower Caves Scavenger-Mutant | -7/Lower Caves Resources | -11 -10 -10 -10 -9 -8 -8 -8 -7 -7 -7 ----------- Run | Yrd Mat Min Exi Min Mat Gar Mat Fac Low Low Matter Collected 2223 | 184 50 177 . 164 675 376 98 139 334 26 Remotely . | . . . . . . . . . . . Salvage Created 3730 | . . 120 . 37 1720 767 241 143 676 26 Parts 189 | . . 4 . 3 81 47 14 7 31 2 Haulers Intercepted 2 | . . . . . 2 . . . . . Recyclers Shooed . | . . . . . . . . . . . Parts Field Recycled . | . . . . . . . . . . . Retrieved Matter . | . . . . . . . . . . . Parts Self-Destructed 22 | . . . . . . . . . 20 2 Prevented 12 | . . . . . . . . . 12 . Parts Restored . | . . . . . . . . . . . Kills | -11 -10 -10 -10 -9 -8 -8 -8 -7 -7 -7 ------- Run | Yrd Mat Min Exi Min Mat Gar Mat Fac Low Low Combat Hostiles Destroyed 74 | . . 1 . 1 27 22 5 1 16 1 Melee 46 | . . . . 1 26 8 . . 10 1 Guns 22 | . . 1 . . . 14 5 1 1 . AOE 4 | . . . . . . . . . 4 . Classes Destroyed 15 | . . 3 . 2 8 1 . 1 . . Worker 6 | . . 1 . . 5 . . . . . Builder 1 | . . . . . 1 . . . . . Tunneler 1 | . . . . 1 . . . . . . Hauler 2 | . . . . . 2 . . . . . Recycler 5 | . . 1 . . 3 . . 1 . . Mechanic 1 | . . . . . 1 . . . . . Operator 1 | . . . . . 1 . . . . . Watcher 4 | . . . . . 4 . . . . . Swarmer 27 | . . . . . 7 10 . . 9 1 Grunt 34 | . . 1 . . 16 7 5 . 5 . Duelist 1 | . . . . . . 1 . . . . Sentry 9 | . . . . . 3 4 . . 2 . Hunter 1 | . . . . . 1 . . . . . Programmer 1 | . . . . . . . . 1 . . Decomposer 1 | . . . . . . . . . 1 . Assembled 1 | . . . . 1 . . . . . . Best Kill Streak 8 | . . 2 . 2 8 4 2 1 6 1 Combat Bots Only 6 | . . 1 . 1 3 4 2 1 6 1 Max Kills in Single Turn 4 | . . 1 . 1 3 1 1 1 4 1 Gunslinging . | . . . . . . . . . . . Exploded 4 | . . . . . . . . . 4 . Melee 1 | . . . . 1 1 1 . . 1 1 Uniques/NPCs Destroyed . | . . . . . . . . . . . Combat | -11 -10 -10 -10 -9 -8 -8 -8 -7 -7 -7 -------- Run | Yrd Mat Min Exi Min Mat Gar Mat Fac Low Low Hostile Shots Fired 572 | . 6 17 . 14 187 129 21 10 142 46 Missed 150 | . 1 3 . 8 41 41 3 3 41 9 Hits 422 | . 5 14 . 6 146 88 18 7 101 37 Projectile 422 | . 5 14 . 6 146 88 18 7 101 37 Critical Strikes 14 | . . . . . 8 3 1 . . 2 Part Disruptions 1 | . . . . 1 . . . . . . Damage Taken 6188 | . 59 161 . 56 2149 1130 293 105 1595 640 Core 1237 | . 10 12 . 9 296 118 86 . 505 201 Absorbed by Shields . | . . . . . . . . . . . Ignored by Resistances 132 | . . . . . . . . . 126 6 Regen/Repaired (Parts) 31 | . . . . . 31 . . . . . Core Remaining (%) 65 | 100 . . . 87 . . 9 . . . Volleys Fired 145 | . 3 18 . 4 25 57 25 4 8 1 Largest 3 | . 2 2 . 1 2 3 3 3 3 1 Hottest 123 | . 50 110 . 100 61 60 96 69 123 33 Shots Fired 322 | . 6 32 . 4 26 151 67 12 23 1 Gun 309 | . 3 28 . . 25 151 67 12 22 1 Cannon 3 | . 3 . . . . . . . . . Launcher 2 | . . . . . 1 . . . 1 . Special 8 | . . 4 . 4 . . . . . . Kinetic 242 | . 6 . . . 13 151 49 12 10 1 Thermal 40 | . . 18 . 4 . . 18 . . . Explosive 1 | . . . . . 1 . . . . . Electromagnetic 39 | . . 14 . . 12 . . . 13 . Robot Hit Streak 14 | . 1 5 . . 14 11 10 9 10 1 Robot Miss Streak 7 | . 1 3 . . 2 7 4 1 4 . Penetration Max . | . . . . . . . . . . . Secondary Targets 4 | . . . . . . 2 1 . 1 . Max Gunslinging Chain 1 | . . . . . . 1 1 . 1 . Shots Hit Robots 297 | . 1 17 . 2 103 91 35 10 32 6 Core Hits 139 | . 1 5 . 1 44 40 19 4 23 2 Critical Kills . | . . . . . . . . . . . Critical Parts Destroyed 1 | . . . . . . 1 . . . . Critical Strikes 20 | . . . . . 9 6 . . 4 1 Destroy 1 | . . . . . . 1 . . . . Sever 14 | . . . . . 9 5 . . . . Impale 5 | . . . . . . . . . 4 1 Melee Attacks 159 | . . . . 4 99 22 . . 25 9 Impact . | . . . . . . . . . . . Slashing 119 | . . . . 4 93 22 . . . . Piercing 34 | . . . . . . . . . 25 9 Sneak Attacks 15 | . . . . 1 13 . . . 1 . Combat Hostiles 1 | . . . . . 1 . . . . . Follow-up Attacks . | . . . . . . . . . . . Damage Inflicted 8603 | 7 19 299 . 128 4786 1529 328 178 1162 167 Guns 1856 | . 6 221 . . 264 605 317 178 238 27 Cannons . | . . . . . . . . . . . Explosions 585 | . . 30 . . 138 . . . 417 . Melee 6080 | . . . . 128 4384 924 . . 504 140 Ramming 34 | 7 13 . . . . . 11 . 3 . Kinetic 1128 | . 6 . . . 93 605 157 178 62 27 Thermal 665 | . . 174 . . 38 . 160 . 293 . Explosive 100 | . . . . . 100 . . . . . Electromagnetic 596 | . . 125 . . 171 . . . 300 . Impact . | . . . . . . . . . . . Slashing 5436 | . . . . 128 4384 924 . . . . Piercing 644 | . . . . . . . . . 504 140 Highest Corruption 21 | . . . . . 5 5 5 1 19 21 Average Corruption 7 | . . . . . 4 5 5 1 13 19 Corruption Purged . | . . . . . . . . . . . Corruption Blocked . | . . . . . . . . . . . Effects 157 | . . . . . 41 38 14 1 58 5 Message Errors 32 | . . . . . 6 6 3 1 14 2 Matter Fused 45 | . . . . . 20 5 1 . 19 . Heat Flow Errors 14 | . . . . . 3 4 2 . 4 1 Energy Discharges 15 | . . . . . 5 3 1 . 5 1 Parts Rejected 2 | . . . . . 1 . . . 1 . Parts Fused 1 | . . . . . . 1 . . . . Data Loss (minor) 20 | . . . . . 3 10 2 . 5 . Data Loss (major) 16 | . . . . . 3 5 3 . 4 1 Misfires 5 | . . . . . . . 1 . 4 . Alerts 3 | . . . . . . . 1 . 2 . Weapon Failures 4 | . . . . . . 4 . . . . Overload Shots . | . . . . . . . . . . . Overflow Damage 685 | . . . . 59 432 17 . . 177 . Projectiles . | . . . . . . . . . . . Explosions 84 | . . . . . 11 . . . 73 . Melee 601 | . . . . 59 421 17 . . 104 . Knockbacks . | . . . . . . . . . . . Impact . | . . . . . . . . . . . Kinetic . | . . . . . . . . . . . Secondary . | . . . . . . . . . . . Self-Inflicted Damage 101 | . 6 . . . 46 . 5 . 44 . Shots 3 | . . . . . 1 . . . 2 . Rammed 3 | . 1 . . . . . 1 . 1 . Targets Rammed 7 | 3 1 . . . . 1 1 . 1 . Kicked 4 | 3 . . . . . 1 . . . . Crushed . | . . . . . . . . . . . Highest Temperature 384 | . . 249 . . 146 150 384 8 280 81 Average Temperature 86 | . . 115 . . 50 30 140 5 105 34 Received Heat Transfer 2066 | . 30 81 . 20 1044 369 171 . 306 45 Effects 9 | . . . . . . . 8 . 1 . Shutdowns 1 | . . . . . . . 1 . . . Energy Bleed 2 | . . . . . . . 2 . . . Interference 5 | . . . . . . . 4 . 1 . Damage (minor) 1 | . . . . . . . 1 . . . Siege Activations . | . . . . . . . . . . . Martial Activations . | . . . . . . . . . . . Shielding Activations . | . . . . . . . . . . . Robots Disrupted . | . . . . . . . . . . . Combat Hostiles . | . . . . . . . . . . . Robots Corrupted 2 | . . . . . 1 . . . 1 . Combat Hostiles 2 | . . . . . 1 . . . 1 . Parts Fried 1 | . . . . . 1 . . . . . Impact Corruptions . | . . . . . . . . . . . Robots Melted . | . . . . . . . . . . . Combat Hostiles . | . . . . . . . . . . . Parts Melted . | . . . . . . . . . . . Heat Transferred 1029 | . . 372 . . 50 . 407 . 200 . Parts Sabotaged . | . . . . . . . . . . . Parts Stolen . | . . . . . . . . . . . Parts Stripped . | . . . . . . . . . . . Power Chain Reactions 4 | . . 1 . . 1 . . . 2 . Alert | -11 -10 -10 -10 -9 -8 -8 -8 -7 -7 -7 ------- Run | Yrd Mat Min Exi Min Mat Gar Mat Fac Low Low Maximum Alert Level 3 | . . . . . 2 3 2 . . . Low Security (%) 73 | 100 100 100 . 100 63 . 45 100 . . Level 1 14 | . . . . . 33 7 51 . . . Level 2 8 | . . . . . 2 68 2 . . . Level 3 2 | . . . . . . 23 . . . . Level 4 . | . . . . . . . . . . . Level 5 . | . . . . . . . . . . . High Security . | . . . . . . . . . . . Max Security . | . . . . . . . . . . . Peak Influence 928 | . 44 114 . 15 506 928 452 79 . . Initial 452 | . . 9 . . 5 309 452 79 . . Average 128 | . 4 34 . . 142 588 231 7 . . Influence Increases 2710 | . 90 155 . 21 1028 699 152 35 495 35 Destroy 0b10 Robot/C 1540 | . . 100 . . 540 440 100 20 320 20 Destroy 0b10 Robot/NC 105 | . . 10 . 5 85 . . 5 . . Destroy Leader 202 | . . 20 . . 122 20 20 10 10 . Allied During Kill 7 | . . 7 . . . . . . . . Successful Hack 43 | . . . . . 12 14 17 . . . Disable Machine 45 | . 15 15 . . 15 . . . . . Anti-Garrison Action 150 | . . . . . . 150 . . . . Destroy Structure 18 | . . 3 . 1 14 . . . . . Partial Spotted 30 | . . . . . 30 . . . . . Lose Combat Pursuer 570 | . 75 . . 15 210 75 15 . 165 15 Influence Decreases 2710 | . 64 92 89 6 567 247 906 209 495 35 Entered New Map 854 | . . 17 89 . 10 167 476 95 . . Time Decay 1311 | . 54 75 . 6 377 . 270 114 405 10 Lost Part 395 | . 10 . . . 180 80 10 . 90 25 Purge Threat 150 | . . . . . . . 150 . . . Squads Dispatched 12 | . 1 . . . 6 . 3 2 . . Investigation 4 | . . . . . 2 . 1 1 . . Extermination 1 | . . . . . . . . 1 . . Reinforcement 5 | . 1 . . . 2 . 2 . . . Assault 1 | . . . . . 1 . . . . . Garrison 1 | . . . . . 1 . . . . . Intercept . | . . . . . . . . . . . Searches Triggered . | . . . . . . . . . . . Construction Impeded . | . . . . . . . . . . . Haulers Reinforced . | . . . . . . . . . . . Active Scanning Responses . | . . . . . . . . . . . Cargo Convoy Interrupts . | . . . . . . . . . . . Stealth | -11 -10 -10 -10 -9 -8 -8 -8 -7 -7 -7 --------- Run | Yrd Mat Min Exi Min Mat Gar Mat Fac Low Low Distress Signals 7 | . 1 . . . 3 . 3 . . . Communications Jammed . | . . . . . . . . . . . Distress Signals . | . . . . . . . . . . . Times Spotted 171 | . 10 5 . 25 58 25 13 1 28 6 Peak Tracking Total 22 | . 2 3 . 22 7 5 5 1 11 5 Tactical Retreats 27 | . 3 . . 2 9 4 1 . 7 1 Traps | -11 -10 -10 -10 -9 -8 -8 -8 -7 -7 -7 ------- Run | Yrd Mat Min Exi Min Mat Gar Mat Fac Low Low Traps Triggered 3 | . . . . . . 3 . . . . Indirectly . | . . . . . . . . . . . Trap Hack Attempts . | . . . . . . . . . . . Triggered . | . . . . . . . . . . . Disarmed . | . . . . . . . . . . . Reprogrammed . | . . . . . . . . . . . Reused . | . . . . . . . . . . . Traps Extracted . | . . . . . . . . . . . Installed . | . . . . . . . . . . . Triggered . | . . . . . . . . . . . Machines | -11 -10 -10 -10 -9 -8 -8 -8 -7 -7 -7 ---------- Run | Yrd Mat Min Exi Min Mat Gar Mat Fac Low Low Machines Disabled 4 | . 1 1 . . 1 1 . . . . Max in Single Turn 1 | . 1 1 . . 1 1 . . . . Garrison Relay 1 | . . . . . . 1 . . . . Machines Repaired . | . . . . . . . . . . . Machines Dismantled . | . . . . . . . . . . . Machines Sabotaged . | . . . . . . . . . . . Overloaded Fab Kills . | . . . . . . . . . . . Hacking | -11 -10 -10 -10 -9 -8 -8 -8 -7 -7 -7 --------- Run | Yrd Mat Min Exi Min Mat Gar Mat Fac Low Low Machines Accessed 17 | . 3 . 1 . 4 1 3 2 2 1 Terminals 9 | . 2 . . . 1 1 3 1 1 . Fabricators . | . . . . . . . . . . . Repair Stations 2 | . 1 . . . 1 . . . . . Recycling Units . | . . . . . . . . . . . Scanalyzers 1 | . . . . . 1 . . . . . Garrison Access 2 | . . . . . 1 . . 1 . . Total Hacks 57 | . 7 . 1 . 15 1 18 7 7 1 Successful 37 | . . . 1 . 9 1 13 5 7 1 Failed 20 | . 7 . . . 6 . 5 2 . . Catastrophic 6 | . 2 . . . 1 . 2 1 . . Database Lockouts . | . . . . . . . . . . . Manual 1 | . . . 1 . . . . . . . Terminals 40 | . 4 . . . 5 1 18 6 6 . Fabricators . | . . . . . . . . . . . Repair Stations 9 | . 3 . . . 6 . . . . . Recycling Units . | . . . . . . . . . . . Scanalyzers 3 | . . . . . 3 . . . . . Garrison Access 2 | . . . . . 1 . . 1 . . Terminal Hacks 30 | . . . 1 . 2 1 13 5 7 1 Record 13 | . . . . . 1 . 3 3 6 . Prototype ID Bank 1 | . . . . . . . 1 . . . Open Door 2 | . . . . . . . . . 1 1 Branch Access Points 1 | . . . . . . . 1 . . . Emergency Access Points 3 | . . . . . . 1 2 . . . Alert Level 3 | . . . . . . . 1 2 . . Unreport Threat 1 | . . . . . . . 1 . . . Locate Traps 1 | . . . . . . . 1 . . . Dispatch Records 1 | . . . . . . . 1 . . . Hauler Manifests 1 | . . . . . . . 1 . . . Zone Layout 2 | . . . . . 1 . 1 . . . Proto ID Catalog 1 | . . . 1 . . . . . . . Fabricator Hacks . | . . . . . . . . . . . Repair Station Hacks 4 | . . . . . 4 . . . . . Scan Component 2 | . . . . . 2 . . . . . Repair 1 | . . . . . 1 . . . . . Refit 1 | . . . . . 1 . . . . . Recycling Unit Hacks . | . . . . . . . . . . . Scanalyzer 2 | . . . . . 2 . . . . . Insert Component 1 | . . . . . 1 . . . . . Analyze 1 | . . . . . 1 . . . . . Garrison Access Hacks 1 | . . . . . 1 . . . . . Unlock Access 1 | . . . . . 1 . . . . . Unauthorized Hacks . | . . . . . . . . . . . Terminals . | . . . . . . . . . . . Fabricators . | . . . . . . . . . . . Repair Stations . | . . . . . . . . . . . Recycling Units . | . . . . . . . . . . . Scanalyzers . | . . . . . . . . . . . Garrison Access . | . . . . . . . . . . . Data Cores Recovered . | . . . . . . . . . . . Used . | . . . . . . . . . . . Hacking Detections 13 | . 3 . . . 4 . 3 2 1 . Full Trace Events 6 | . 1 . . . 2 . 2 1 . . Feedback Events 2 | . . . . . 1 . . 1 . . Corruption 2 | . . . . . 1 . . 1 . . Feedback Blocked . | . . . . . . . . . . . Robot Schematics Acquired . | . . . . . . . . . . . Robots Built . | . . . . . . . . . . . Authchips . | . . . . . . . . . . . Time . | . . . . . . . . . . . Total Robot Build Rating . | . . . . . . . . . . . Part Schematics Acquired 1 | . . . . . 1 . . . . . Parts Built . | . . . . . . . . . . . Authchips . | . . . . . . . . . . . Time . | . . . . . . . . . . . Total Part Build Rating . | . . . . . . . . . . . Part Studies Acquired . | . . . . . . . . . . . Parts Repaired 1 | . . . . . 1 . . . . . Time 38 | . . . . . 38 . . . . . Parts Recycled . | . . . . . . . . . . . Recycled Matter . | . . . . . . . . . . . Retrieved Matter . | . . . . . . . . . . . Retrieved Components . | . . . . . . . . . . . Parts Scanalyzed 1 | . . . . . 1 . . . . . Part Schematics Acquired 1 | . . . . . 1 . . . . . Parts Damaged . | . . . . . . . . . . . Bothacking | -11 -10 -10 -10 -9 -8 -8 -8 -7 -7 -7 ------------ Run | Yrd Mat Min Exi Min Mat Gar Mat Fac Low Low Used RIF Installer . | . . . . . . . . . . . Robots Hacked 2 | . . . . . 2 . . . . . Non-combat 1 | . . . . . 1 . . . . . Combat 1 | . . . . . 1 . . . . . Robot Hacks Applied 3 | . . . . . 3 . . . . . parse_system 2 | . . . . . 2 . . . . . find_station 1 | . . . . . 1 . . . . . Relay Couplers Released 3 | . . . . . . 3 . . . . Machine Destruction 3 | . . . . . . 3 . . . . Fabnet Peak Effective % . | . . . . . . . . . . . Robots Rewired . | . . . . . . . . . . . Allies Hacked . | . . . . . . . . . . . Hacks Repelled . | . . . . . . . . . . . Allies | -11 -10 -10 -10 -9 -8 -8 -8 -7 -7 -7 -------- Run | Yrd Mat Min Exi Min Mat Gar Mat Fac Low Low Total Allies 2 | . . 1 . . . . . . . 1 Largest Group 1 | . . 1 . . . . . . . 1 Highest-Rated Group 135 | . . 31 . . . . . . . 135 Highest-Rated Ally 135 | . . 31 . . . . . . . 135 Initial Warlord ECA Mod 3 | . . . . . . . 3 2 2 2 Total Orders . | . . . . . . . . . . . Ally Attacks 16 | . . 16 . . . . . . . . Total Damage 191 | . . 191 . . . . . . . . Kills 4 | . . 4 . . . . . . . . Allies Corrupted . | . . . . . . . . . . . Allies Melted . | . . . . . . . . . . . Intel | -11 -10 -10 -10 -9 -8 -8 -8 -7 -7 -7 ------- Run | Yrd Mat Min Exi Min Mat Gar Mat Fac Low Low Active Infowar (turns) 7089 | . 426 307 1249 2359 2748 . . . . . Terrain 2608 | . . . . . 2608 . . . . . Structural 7089 | . 426 307 1249 2359 2748 . . . . . Robot Analysis Total . | . . . . . . . . . . . Derelict Logs Recovered 2 | . . 1 . 1 . . . . . . Drone Launches . | . . . . . . . . . . . Drone Recoveries . | . . . . . . . . . . . Exploration | -11 -10 -10 -10 -9 -8 -8 -8 -7 -7 -7 ------------- Run | Yrd Mat Min Exi Min Mat Gar Mat Fac Low Low Turns Passed 15473 | 1892 507 307 1249 2359 4048 1419 591 1116 1855 130 Spaces Moved 6102 | 215 270 234 1371 239 1207 627 265 469 1133 72 Core 395 | 34 . . . . 11 1 60 209 79 1 Treads 697 | . . . . . 33 277 20 . 367 . Legs 880 | 181 26 . . . 324 349 . . . . Wheels 937 | . 244 234 24 . . . . . 364 71 Hover 1108 | . . . . . 385 . 185 260 278 . Flight 2085 | . . . 1347 239 454 . . . 45 . Fastest Speed 34 | 50 80 90 37 37 34 120 50 52 35 120 Average Speed 126 | 108 99 90 90 90 151 143 141 156 140 148 Slowest Speed 1710 | 120 400 90 117 117 1710 250 450 300 450 250 Overloaded Moves . | . . . . . . . . . . . Propulsion Burnouts . | . . . . . . . . . . . Robots Hopped 1 | . . . . 1 . . . . . . Potential Cave-ins . | . . . . . . . . . . . Cave-ins Triggered . | . . . . . . . . . . . Exploration Rate (%) 46 | 10 44 59 93 57 46 61 31 8 92 12 Regions Visited 10 Branch Regions 5 Pre-discovered Areas 3 | . . 1 . 1 . . . . 1 . Known Exits Taken 1 | . . . . . 1 . . . . . Unknown Exits Taken 8 | 1 1 1 1 1 . . 1 1 1 . Scrap Searched 3 | . . . . . . . . . 3 . Spaces Dug 1 | . . . . 1 . . . . . . Terrain Destroyed 22 | . . 3 . 2 11 . . . 6 . Melee . | . . . . . . . . . . . Projectile 3 | . . 1 . 2 . . . . . . AOE 19 | . . 2 . . 11 . . . 6 . Terrain Rammed . | . . . . . . . . . . . Walls Destroyed . | . . . . . . . . . . . Machines Disabled . | . . . . . . . . . . . Actions | -11 -10 -10 -10 -9 -8 -8 -8 -7 -7 -7 --------- Run | Yrd Mat Min Exi Min Mat Gar Mat Fac Low Low Total 13381 | 1871 503 289 1384 2366 3274 1009 434 838 1331 82 Wait 6669 | 1638 180 26 1 2110 1846 249 134 349 136 . Move 6091 | 214 270 233 1370 236 1206 626 264 468 1132 72 Hop 1 | . . . . 1 . . . . . . Pick Up 64 | 10 15 6 3 1 18 4 3 3 1 . Fast Attach 79 | 2 2 . . 1 27 11 6 8 22 . Attach 32 | 4 9 1 1 3 9 4 . 1 . . Detach 6 | . 1 . 2 3 . . . . . . Swap 37 | . 9 3 2 1 12 7 1 2 . . Drop 70 | . 14 2 5 2 32 6 . 3 6 . Fire 145 | . 3 18 . 4 25 57 25 4 8 1 Melee 159 | . . . . 4 99 22 . . 25 9 Ram 2 | . . . . . . . 1 . 1 . Kick 4 | 3 . . . . . 1 . . . . Crush . | . . . . . . . . . . . Escape Stasis 22 | . . . . . . 22 . . . . Rewire . | . . . . . . . . . . . Trap . | . . . . . . . . . . . Miscellaneous . | . . . . . . . . . . . Route ------- -11/Scrapyard -10/Materials -10/Mines (discovered 3 exits: [*Mat] / *Exi / [*Sub]) -10/Exiles (discovered 2 exits: [*Min x2]) -9/Mines (discovered 2 exits: *Mat x2) -8/Materials -8/Garrison (discovered 3 exits: *Mat x3) -8/Materials -7/Factory -7/Lower Caves -7/Lower Caves (discovered 1 exit: [*Fac]) History --------- Turn | Location | Event 5 | -11/Scrapyard | Discovered new exit (range 15) 1893 | -11/Scrapyard | Entered Materials 1894 | -10/Materials | Build established: Mutant 2374 | -10/Materials | Discovered new exit (range 8) 2400 | -10/Materials | Entered Mines 2400 | -10/Mines | Discovered new exit (range 14) 2403 | -10/Mines | Received a Mining Laser from a helpful Derelict 2426 | -10/Mines | Met a Derelict bent on vengeance 2486 | -10/Mines | Discovered new exit (range 7) 2702 | -10/Mines | Deemed a non-threat by the Exiles lab entrance 2702 | -10/Mines | Discovered new exit (range 6) 2707 | -10/Mines | Entered Exiles 2729 | -10/Exiles | Met 8R-AWN 2743 | -10/Exiles | Met EX-HEX 2765 | -10/Exiles | Met EX-DEC 2787 | -10/Exiles | Discovered new exit (range 10) 2815 | -10/Exiles | Visited The Gauntlet 2882 | -10/Exiles | Met EX-BIN 2887 | -10/Exiles | Aligned with FarCom system 2888 | -10/Exiles | Given EX-Vault access code 2900 | -10/Exiles | Opened EX-Vault 2902 | -10/Exiles | Found Prototype Slashing Weapon 2904 | -10/Exiles | Identified Longsword +1 2927 | -10/Exiles | Warned to stay clear of 0b10 Research branches 3804 | -10/Exiles | Discovered new exit (range 15) 3956 | -10/Exiles | Left Exiles lab with Longsword +1 3956 | -10/Exiles | Entered Mines 4192 | -9/Mines | Discovered new exit (range 3) 4231 | -9/Mines | Discovered new exit (range 14) 4237 | -9/Mines | Assembled infested the area 4242 | -9/Mines | Assisted by a Guerilla fighting off Assembled 6315 | -9/Mines | Entered Materials 6315 | -8/Materials | Evolved 4 slots: Power x1, Propulsion x1, Utility x1, Weapon x1 6623 | -8/Materials | Build established: Scavenger-Scout 7315 | -8/Materials | Repaired Lgt. Nuclear Core 8192 | -8/Materials | Build established: Scavenger-Assassin 8192 | -8/Materials | Lost 3 parts (1p2n) 8959 | -8/Materials | Lost 5 parts (1p2n1u1w) 9275 | -8/Materials | Build established: Hauler-Mutant 10280 | -8/Materials | Build established: Mutant 10315 | -8/Materials | First assault squad dispatched 10329 | -8/Materials | Garrison activated, responded to threat 10358 | -8/Materials | Identified exit to Garrison 10362 | -8/Materials | Core integrity fell below 50% 10363 | -8/Materials | Entered Garrison 10391 | -8/Garrison | Lost 4 parts (1p1n1u1w) 10547 | -8/Garrison | Triggered checkpoint 10687 | -8/Garrison | Triggered checkpoint 10753 | -8/Garrison | Garrison Relay disabled 10789 | -8/Garrison | Build established: Scavenger-Mutant 10810 | -8/Garrison | Discovered new exit (range 8) 10867 | -8/Garrison | Triggered checkpoint 10998 | -8/Garrison | Discovered new exit (range 12) 11085 | -8/Garrison | Triggered checkpoint 11132 | -8/Garrison | Lost 4 parts (1p2n1w) 11339 | -8/Garrison | Triggered checkpoint 11409 | -8/Garrison | Build established: Scavenger-Skirmisher 11423 | -8/Garrison | Triggered checkpoint 11761 | -8/Garrison | Discovered new exit (range 10) 11782 | -8/Garrison | Entered Materials 12293 | -8/Materials | Core integrity fell below 20% 12341 | -8/Materials | Released all parts (11) 12357 | -8/Materials | Discovered new exit (range 9) 12373 | -8/Materials | Entered Factory 12373 | -7/Factory | Evolved 2 slots: Utility x2 12651 | -7/Factory | Build established: Skirmisher 13308 | -7/Factory | Build established: Gunner 13477 | -7/Factory | Discovered new exit (range 4) 13489 | -7/Factory | Entered Lower Caves 13495 | -7/Lower Caves | Met a Warlord Commander 13496 | -7/Lower Caves | Learned location of Warlord (-4) 13497 | -7/Lower Caves | Warlord Commander delivered Encrypted Comm Array 13498 | -7/Lower Caves | Found Encrypted Comm Array 13683 | -7/Lower Caves | Released all parts (5) 13701 | -7/Lower Caves | Learned Factory stockpile data 13701 | -7/Lower Caves | Learned Armory trap positions 13701 | -7/Lower Caves | Learned Research trap positions 13701 | -7/Lower Caves | Learned Factory trap positions 13706 | -7/Lower Caves | Attracted the attention of an 0b10 base 13732 | -7/Lower Caves | Core integrity fell below 50% 13737 | -7/Lower Caves | Lost 8 parts (1p4n2u1w) 13962 | -7/Lower Caves | Build established: Mutant 14082 | -7/Lower Caves | System corruption reached 10% 14362 | -7/Lower Caves | Build established: Scavenger-Mutant 14954 | -7/Lower Caves | Discovered new exit (range 16) 15059 | -7/Lower Caves | Build established: Derelict-Mutant 15344 | -7/Lower Caves | Entered another Lower Caves area 15344 | -7/Lower Caves | Discovered new exit (range 9) 15363 | -7/Lower Caves | Build established: Scavenger-Mutant 15468 | -7/Lower Caves | Core integrity fell below 20% 15474 | -7/Lower Caves | Destroyed by P-60 Hacker with Shock Rifle Last Messages --------------- A strange signal echoes through the caves. System corrupted: Energy discharge (-160). Reflective Plating destroyed. S-27 Virus destroyed. Acquired 26 matter. Imp. Hardlight Generator destroyed. Slug penetrates Wall. System corrupted: Heat flow error (+106). Force Field destroyed. Com. Battery destroyed. Autogun fries itself beyond repair. Arm. Wheel destroyed. Slug penetrates Wall. Nuclear Core destroyed. KE Penetrator destroyed. VTOL Module fries itself beyond repair. Y-64 Sentinel suffers critical hit (Impale). Penetrated by Slug. S-27 Virus destroyed. P-60 Hacker fails to hack AD-0RF. Map ----- +----------------------------------------------------+ | ?????????????????????????????????????????????????? | | ?????????????????????????????????????????????????? | | ?????????????????????????????????????????????????? | | ?????????????????????????????????????????????????? | | ?????????????????????????????????????????????????? | | ?????????????????????????????????????????????????? | | ???????????????????????????????????? #???????????? | | ???????????????????????????????????? ???????????? | | ???????????????????????????????????? ???????????? | | ???????????????????????????????????? #??????????? | | ???????????????????????????????????? ###????????? | | ???????????????????????????????????? ##???????? | | ???????????????????????????????????? #???????? | | ???????????????#####?????####?##???? #???????? | | ???????????????# ##??## ## #????# #????????? | | ???????????# ## #### #???## #?????????? | | ???????????# ## #??## #??????????? | | ????????????# ##### #??????####? | | ????????????# #?????## ## | | ????????????## ##### #????## # | | ?????????????# ?????### # # ####?# | | ?????????????# ????????#p i## ## ### | | ???????????? ????#######=p###$### ## ## | | ?????????? ?????# [=%[ # ## #? | | ?????????% ?????# ### ### ###### ## #? | | ???????? ???????# ????#@#??# #????## ##? | | ???????? ????????#??????#Y#??## #?????# #?? | | ????????????????????????# #???? #?????# #####?? | | ????????????????????????# X#???#?#?????#####?????? | | ????????????????????????# ##?????????????????????? | | ???????????????????????? ??????????????????????? | | ???????????????????????? ??????????????????????? | | ???????????????????????? ??????????????????????? | | ???????????????????????? ??????????????????????? | | ???????????????????????" "?????????????????????? | | ???????????????????????"""""?????????????????????? | | ???????????????????????#####?????????????????????? | | ?????????????????????????????????????????????????? | | ?????????????????????????????????????????????????? | | ?????????????????????????????????????????????????? | | ?????????????????????????????????????????????????? | | ?????????????????????????????????????????????????? | | ?????????????????????????????????????????????????? | | ?????????????????????????????????????????????????? | | ?????????????????????????????????????????????????? | | ?????????????????????????????????????????????????? | | ?????????????????????????????????????????????????? | | ?????????????????????????????????????????????????? | | ?????????????????????????????????????????????????? | | ?????????????????????????????????????????????????? | +----------------------------------------------------+ Best States ------------- Heat Dissipation 41 Energy Generation 28 Energy Capacity 855 Matter Stores 300 Matter Capacity 300 Sight Range 16 Terrain Scan Range 16 Terrain Scan Density 10 Armor Coverage 300 Resistance: KI 20 Resistance: TH 10 Evasion (%) 63 Targeting Accuracy 8 Target Analysis 5 Recoil Reduction 3 Offensive Hacking 10 Defensive Hacking 10 Item Schematics ----------------- Greatsword | -8/Materials | Scanalyzed Robot Schematics ------------------ None Fabricated ------------ Nothing Repaired ---------- Lgt. Nuclear Core | 38% | -8/Materials Studied --------- None Alien Tech Used ----------------- None Achievements -------------- Hunted I Like You, Cogmind Significant Disruption Sixth Sense Slippery One Universal Adapter Challenges ------------ None Game ------ Seed AuthchipContainmentWartreads Manual? 0 Play Time 02:26:33 Cumulative 21.3 hours Start 2026.04.22 @ 21:28:18 End 2026.04.23 @ 13:32:56 Sessions 1 Manual Loads 0 Difficulty Rogue Special Mode None Game No. 30 Rogue 30 Adventurer 0 Explorer 0 Win Type - Total 0 Types 0/0/0/0/0/0/0/0/0/0 Lore% 14 Gallery% 21 Achievement% 19 Wizard Run 0 Options --------- Layout 1 ASCII 0 Keyboard 0 Movement Numpad Keybinds 0 Fullscreen 1 Font 32/SmallcapsGlow Map View 50x35 Zoom Use 0% Tactical HUD 0 Map Filters NONE Filters NONE Steam 1 RUN: e420b419-5983-43fe-b411-cceaa55b2300